[ AOE2 MATCH · #463570813 ]
Team RMVietnamese vs Celts
[ REPLAY ANALYSIS · EXTRACTED FROM THE RECORDED GAME ]
Feudal
14:21
Castle
25:33
Imperial
48:51
| APM avg | 12.6 |
| APM peak | 34 |
| eAPM avg | 7.4 |
| Villagers / military | 87 / 82 |
Focus
⚔️ 31.9% · 🌾 68.1%
Fire Lancer ×19 · Rattan Archer ×19 · Battle Elephant ×18 · Archer ×16 · Fishing Ship ×6 · Monk ×3
Feudal
14:22
Castle
21:18
Imperial
—
| APM avg | 20.9 |
| APM peak | 48 |
| eAPM avg | 10.3 |
| Villagers / military | 75 / 102 |
Focus
⚔️ 30.7% · 🌾 69.3%
Woad Raider ×57 · Skirmisher ×29 · Spearman ×7 · Mangonel ×6 · Fishing Ship ×5 · Demolition Raft ×2
Feudal
15:27
Castle
28:42
Imperial
46:34
| APM avg | 29.1 |
| APM peak | 75 |
| eAPM avg | 16.2 |
| Villagers / military | 121 / 231 |
Focus
⚔️ 40.7% · 🌾 59.3%
Spearman ×195 · Archer ×13 · Trebuchet (Packed) ×9 · Fishing Ship ×8 · Kamayuk ×7 · Mangonel ×7
Feudal
—
Castle
—
Imperial
—
| APM avg | 18.6 |
| APM peak | 53 |
| eAPM avg | 10.7 |
| Villagers / military | 108 / 85 |
Focus
⚔️ 30.8% · 🌾 69.2%
Knight ×40 · Skirmisher ×25 · Fishing Ship ×10 · Scout Cavalry ×9 · Throwing Axeman ×5 · Spearman ×2
Feudal
13:42
Castle
28:08
Imperial
52:32
| APM avg | 27.4 |
| APM peak | 62 |
| eAPM avg | 16.7 |
| Villagers / military | 165 / 196 |
Focus
⚔️ 26.1% · 🌾 73.9%
Huskarl ×132 · Militia ×22 · Spearman ×18 · Fishing Ship ×17 · Battering Ram ×9 · Knight ×4
Feudal
—
Castle
—
Imperial
—
| APM avg | 18.1 |
| APM peak | 43 |
| eAPM avg | 11.0 |
| Villagers / military | 73 / 62 |
Focus
⚔️ 32.3% · 🌾 67.7%
Militia ×23 · Demolition Raft ×10 · Petard ×8 · Fishing Ship ×6 · Cavalry Archer ×5 · Archer ×4
Match map
Initial resources + every placement click. Lines = walls · curves = elevation contours. ◆ gold · ⬟ stone · ● berries · ✦ relic · ◌ wall gap
Your base· Open — 8t gap
FatalDeadAG24's base· Open — unwalled flank
Lorde Stephen's base· Open — 4t gap
AuronFFX01's base· Open — 14t gap
Ratbass's base· Open — 15t gap
darkvaldo's base· Open — unwalled flank
Smoothed initial terrain · ◌ = detected wall gap · hover for details
Inputs per minute
— Kurt_Ruslin - - FatalDeadAG24
Build order — Kurt_Ruslin
First 150 of 177 actions detected
| 0:16 | Build | Town Center |
| 2:48 | Build | House |
| 2:50 | Build | House |
| 2:56 | Create | Villager (Male) ×4 |
| 4:28 | Create | Villager (Male) |
| 5:04 | Create | Villager (Male) |
| 6:05 | Create | Villager (Male) ×2 |
| 6:26 | Research | Loom |
| 6:27 | Create | Villager (Male) |
| 6:38 | Build | Dock |
| 6:40 | Build | House |
| 7:13 | Create | Villager (Male) |
| 7:34 | Create | Villager (Male) |
| 7:52 | Build | Mill |
| 8:18 | Create | Villager (Male) |
| 8:18 | Create | Villager (Male) |
| 8:19 | Create | Villager (Male) |
| 8:54 | Create | Fishing Ship |
| 10:01 | Create | Villager (Male) |
| 10:01 | Create | Villager (Male) |
| 10:01 | Create | Villager (Male) |
| 10:03 | Create | Villager (Male) |
| 10:35 | Build | Mining Camp |
| 10:52 | Build | House |
| 10:55 | Build | House |
| 10:57 | Build | House |
| 12:12 | Research | Feudal Age |
| 12:42 | Build | Barracks |
| 14:21 | Age | Feudal Age |
| 14:32 | Create | Villager (Male) ×5 |
| 14:51 | Build | Archery Range |
| 15:53 | Create | Archer ×5 |
| 16:22 | Build | Lumber Camp |
| 17:13 | Build | Blacksmith |
| 17:20 | Create | Archer ×2 |
| 17:48 | Research | Double-Bit Axe |
| 17:49 | Create | Villager (Male) ×5 |
| 18:09 | Build | Mining Camp |
| 18:16 | Research | Padded Archer Armor |
| 18:17 | Research | Fletching |
| 18:38 | Build | Palisade Wall |
| 18:52 | Build | House |
| 18:53 | Build | House |
| 20:13 | Build | Farm |
| 20:18 | Build | Farm |
| 20:21 | Build | Farm |
| 20:24 | Build | Farm |
| 20:28 | Build | Farm |
| 20:30 | Build | Farm |
| 20:39 | Research | Town Watch |
| 20:45 | Build | Archery Range |
| 21:31 | Build | Farm |
| 21:35 | Build | Farm |
| 22:31 | Build | Market |
| 22:53 | Research | Castle Age |
| 23:30 | Create | Archer ×5 |
| 25:03 | Research | Horse Collar |
| 25:33 | Age | Castle Age |
| 25:38 | Research | Crossbowman (upgrade) |
| 25:57 | Build | Siege Workshop |
| 26:12 | Research | Scale Mail Armor |
| 26:12 | Research | Forging |
| 26:18 | Create | Fire Lancer |
| 26:19 | Create | Fire Lancer |
| 26:19 | Create | Fire Lancer |
| 26:24 | Create | Mangonel |
| 27:42 | Create | Villager (Male) ×5 |
| 27:52 | Create | Fire Lancer |
| 27:52 | Create | Fire Lancer |
| 28:04 | Build | Town Center |
| 28:30 | Build | Castle |
| 29:46 | Create | Archer ×4 |
| 31:00 | Build | Town Center |
| 31:04 | Build | Farm |
| 31:06 | Create | Villager (Male) ×5 |
| 31:36 | Create | Villager (Male) ×5 |
| 31:57 | Build | Farm |
| 32:01 | Research | Bow Saw |
| 32:45 | Create | Villager (Male) ×4 |
| 33:04 | Build | Mining Camp |
| 33:52 | Build | Siege Workshop |
| 34:15 | Build | Mining Camp |
| 34:17 | Create | Villager (Male) ×5 |
| 34:31 | Research | Wheelbarrow |
| 35:14 | Create | Mangonel |
| 35:24 | Build | Stable |
| 35:25 | Build | Stable |
| 35:33 | Research | Scale Barding Armor |
| 35:47 | Build | Monastery |
| 36:17 | Create | Fire Galley |
| 36:38 | Research | Husbandry |
| 36:47 | Create | Battering Ram |
| 36:51 | Create | Battle Elephant ×2 |
| 37:00 | Build | Mill |
| 37:03 | Create | Monk |
| 37:25 | Create | Fishing Ship ×5 |
| 38:33 | Create | Battering Ram |
| 39:14 | Create | Villager (Male) ×5 |
| 39:15 | Create | Villager (Male) ×5 |
| 39:54 | Research | Gold Mining |
| 39:57 | Build | Farm |
| 40:00 | Build | Farm |
| 40:09 | Research | Hand Cart |
| 40:19 | Research | Bloodlines |
| 40:20 | Create | Battle Elephant |
| 40:40 | Research | Heavy Plow |
| 40:42 | Build | Outpost |
| 40:49 | Build | Farm |
| 40:51 | Build | Farm |
| 40:55 | Build | Farm |
| 41:03 | Build | Palisade Gate |
| 41:10 | Build | Farm |
| 41:16 | Build | Farm |
| 41:52 | Build | Farm |
| 41:55 | Build | Farm |
| 42:03 | Create | Fire Lancer ×5 |
| 42:20 | Create | Battle Elephant ×5 |
| 42:26 | Build | Farm |
| 42:30 | Research | Chain Mail Armor |
| 42:34 | Research | Iron Casting |
| 43:06 | Create | Villager (Male) ×5 |
| 43:17 | Create | Villager (Male) ×5 |
| 43:23 | Build | House |
| 43:24 | Build | House |
| 43:24 | Build | House |
| 43:24 | Build | House |
| 43:24 | Build | House |
| 43:24 | Build | House |
| 43:25 | Build | House |
| 44:31 | Build | Barracks |
| 44:32 | Build | Barracks |
| 44:34 | Build | Barracks |
| 45:25 | Build | Barracks |
| 45:27 | Build | Barracks |
| 45:35 | Build | University |
| 45:41 | Research | Imperial Age |
| 46:11 | Build | Town Center |
| 46:20 | Research | Pikeman (upgrade) |
| 47:02 | Research | Squires |
| 47:04 | Create | Fire Lancer ×5 |
| 47:19 | Research | Ballistics |
| 47:34 | Research | Chatras |
| 47:43 | Research | Leather Archer Armor |
| 47:44 | Research | Bodkin Arrow |
| 48:17 | Build | Castle |
| 48:27 | Research | Treadmill Crane |
| 48:51 | Age | Imperial Age |
| 49:14 | Research | Tech 982 |
| 49:18 | Create | Fire Lancer ×2 |
| 49:18 | Create | Fire Lancer ×2 |
Build order — FatalDeadAG24
First 150 of 260 actions detected
| 1:20 | Build | Town Center |
| 2:37 | Build | House |
| 2:41 | Build | House |
| 3:21 | Create | Villager (Male) |
| 3:21 | Create | Villager (Male) |
| 3:22 | Create | Villager (Male) |
| 3:22 | Create | Villager (Male) |
| 3:51 | Build | Dock |
| 4:29 | Create | Villager (Male) |
| 5:16 | Create | Villager (Male) |
| 5:39 | Create | Villager (Male) |
| 6:10 | Research | Loom |
| 6:31 | Create | Villager (Male) |
| 6:33 | Create | Villager (Male) |
| 7:08 | Build | House |
| 7:18 | Create | Villager (Male) |
| 7:26 | Create | Villager (Male) |
| 7:58 | Create | Villager (Male) |
| 8:22 | Create | Villager (Male) |
| 8:29 | Create | Fishing Ship |
| 8:54 | Create | Villager (Male) |
| 9:13 | Build | House |
| 9:17 | Build | House |
| 9:28 | Create | Villager (Male) |
| 9:50 | Create | Fishing Ship |
| 9:54 | Create | Fishing Ship |
| 9:56 | Create | Villager (Male) |
| 10:26 | Create | Villager (Male) |
| 11:00 | Build | Mining Camp |
| 11:01 | Create | Villager (Male) |
| 11:26 | Create | Villager (Male) |
| 11:30 | Create | Fishing Ship |
| 12:12 | Research | Feudal Age |
| 12:15 | Create | Fishing Ship |
| 12:24 | Build | House |
| 12:28 | Build | Lumber Camp |
| 12:44 | Create | Villager (Male) |
| 14:00 | Create | Villager (Male) |
| 14:20 | Build | Palisade Wall |
| 14:22 | Age | Feudal Age |
| 14:28 | Research | Double-Bit Axe |
| 14:31 | Create | Villager (Male) |
| 14:38 | Build | Barracks |
| 14:51 | Build | Lumber Camp |
| 15:09 | Create | Villager (Male) |
| 15:44 | Build | Blacksmith |
| 15:51 | Create | Villager (Male) |
| 16:00 | Build | Mill |
| 16:06 | Create | Villager (Male) |
| 16:40 | Build | House |
| 16:42 | Build | House |
| 16:45 | Create | Villager (Male) |
| 17:10 | Build | Market |
| 17:15 | Create | Villager (Male) |
| 17:28 | Create | Villager (Male) |
| 17:29 | Create | Demolition Raft |
| 17:44 | Build | Mining Camp |
| 17:53 | Build | Palisade Wall |
| 17:57 | Create | Villager (Male) |
| 18:19 | Create | Demolition Raft |
| 18:38 | Research | Castle Age |
| 19:30 | Build | Watch Tower |
| 20:11 | Build | Stone Wall |
| 20:38 | Build | Archery Range |
| 21:04 | Build | Farm |
| 21:05 | Build | Farm |
| 21:05 | Build | Farm |
| 21:06 | Build | Farm |
| 21:18 | Age | Castle Age |
| 21:35 | Research | Town Watch |
| 22:00 | Create | Skirmisher |
| 22:18 | Create | Skirmisher |
| 22:34 | Create | Skirmisher |
| 22:41 | Build | Archery Range |
| 23:07 | Create | Skirmisher |
| 23:13 | Research | Elite Skirmisher (upgrade) |
| 23:20 | Create | Skirmisher |
| 23:20 | Create | Skirmisher |
| 23:35 | Build | Siege Workshop |
| 23:58 | Create | Skirmisher |
| 23:58 | Create | Skirmisher |
| 24:13 | Create | Skirmisher |
| 24:14 | Create | Skirmisher |
| 24:27 | Research | Padded Archer Armor |
| 24:31 | Research | Town Patrol |
| 25:03 | Create | Skirmisher |
| 25:03 | Create | Skirmisher |
| 25:04 | Create | Skirmisher |
| 25:27 | Create | Skirmisher |
| 25:27 | Create | Skirmisher |
| 25:27 | Create | Skirmisher |
| 25:57 | Research | Pikeman (upgrade) |
| 26:29 | Build | Stone Wall |
| 26:49 | Create | Mangonel |
| 26:49 | Create | Mangonel |
| 27:41 | Create | Skirmisher |
| 27:42 | Create | Skirmisher |
| 27:42 | Create | Skirmisher |
| 27:42 | Create | Skirmisher |
| 27:49 | Research | Stone Mining |
| 27:50 | Create | Villager (Male) |
| 29:58 | Create | Mangonel |
| 30:08 | Create | Villager (Male) |
| 30:08 | Create | Villager (Male) |
| 30:08 | Create | Villager (Male) |
| 30:09 | Create | Villager (Male) |
| 30:18 | Research | Loom |
| 30:29 | Create | Skirmisher |
| 30:29 | Create | Skirmisher |
| 30:30 | Create | Skirmisher |
| 30:37 | Research | Wheelbarrow |
| 30:46 | Create | Skirmisher |
| 30:46 | Create | Skirmisher |
| 30:46 | Create | Skirmisher |
| 31:19 | Create | Mangonel |
| 31:23 | Create | Skirmisher |
| 31:23 | Create | Skirmisher |
| 31:23 | Create | Skirmisher |
| 31:44 | Build | Gate |
| 31:53 | Create | Villager (Male) |
| 31:53 | Create | Villager (Male) |
| 31:53 | Create | Villager (Male) |
| 32:14 | Build | Mining Camp |
| 32:28 | Build | Outpost |
| 32:39 | Create | Transport Ship |
| 32:42 | Create | Villager (Male) |
| 32:49 | Build | House |
| 33:09 | Build | Castle |
| 33:46 | Create | Villager (Male) |
| 34:20 | Create | Villager (Male) |
| 34:20 | Create | Villager (Male) |
| 34:34 | Research | Gold Mining |
| 35:32 | Research | Stronghold |
| 35:47 | Create | Villager (Male) |
| 35:47 | Create | Villager (Male) |
| 35:48 | Create | Villager (Male) |
| 35:58 | Build | Mill |
| 36:20 | Create | Woad Raider |
| 36:30 | Create | Villager (Male) |
| 36:31 | Create | Villager (Male) |
| 36:53 | Build | Palisade Gate |
| 37:10 | Create | Woad Raider |
| 37:11 | Create | Woad Raider |
| 37:11 | Create | Woad Raider |
| 37:25 | Create | Spearman |
| 37:43 | Create | Villager (Male) |
| 37:44 | Create | Villager (Male) |
| 37:59 | Research | Tech 906 |
| 38:02 | Create | Woad Raider |
| 38:02 | Create | Woad Raider |
Build order — Lorde Stephen
First 150 of 360 actions detected
| 1:10 | Build | Town Center |
| 1:29 | Build | House |
| 1:31 | Build | House |
| 2:12 | Build | Dock |
| 4:00 | Create | Villager (Male) |
| 4:02 | Create | Villager (Male) |
| 4:09 | Create | Villager (Male) |
| 4:12 | Create | Villager (Male) |
| 4:53 | Create | Villager (Male) |
| 5:23 | Create | Villager (Male) |
| 5:30 | Create | Villager (Male) |
| 5:59 | Create | Villager (Male) |
| 6:36 | Create | Villager (Male) |
| 6:36 | Create | Villager (Male) |
| 6:43 | Create | Villager (Male) |
| 7:21 | Create | Villager (Male) |
| 7:25 | Create | Villager (Male) |
| 7:45 | Create | Fishing Ship |
| 7:53 | Create | Villager (Male) |
| 8:02 | Research | Loom |
| 8:08 | Build | House |
| 8:17 | Create | Villager (Male) |
| 8:26 | Create | Villager (Male) |
| 8:30 | Create | Villager (Male) |
| 8:45 | Create | Villager (Male) |
| 9:21 | Build | Settlement |
| 9:23 | Create | Villager (Male) |
| 9:32 | Create | Villager (Male) |
| 9:44 | Create | Fishing Ship |
| 10:24 | Create | Villager (Male) |
| 10:44 | Create | Fishing Ship |
| 11:04 | Create | Villager (Male) |
| 11:07 | Create | Fishing Ship |
| 11:26 | Create | Villager (Male) |
| 11:33 | Create | Villager (Male) |
| 11:35 | Create | Villager (Male) |
| 11:49 | Create | Fishing Ship |
| 11:50 | Create | Villager (Male) |
| 12:00 | Create | Villager (Male) |
| 12:03 | Create | Villager (Male) |
| 12:32 | Build | Barracks |
| 12:33 | Create | Villager (Male) |
| 12:43 | Create | Fishing Ship |
| 13:01 | Create | Villager (Male) |
| 13:05 | Create | Villager (Male) |
| 13:16 | Research | Feudal Age |
| 13:40 | Build | Settlement |
| 13:45 | Create | Unit 2550 |
| 13:54 | Create | Villager (Male) |
| 14:11 | Create | Villager (Male) |
| 14:14 | Create | Villager (Male) |
| 14:24 | Create | Fishing Ship |
| 14:24 | Create | Fishing Ship |
| 14:39 | Create | Villager (Male) |
| 14:51 | Create | Unit 2550 |
| 14:52 | Create | Unit 2550 |
| 14:58 | Create | Villager (Male) |
| 15:27 | Age | Feudal Age |
| 15:35 | Build | Watch Tower |
| 15:45 | Create | Villager (Male) |
| 16:16 | Build | Blacksmith |
| 16:52 | Create | Villager (Male) |
| 17:04 | Build | Barracks |
| 17:14 | Build | Stone Wall |
| 17:16 | Build | Stone Wall |
| 17:27 | Create | Villager (Male) |
| 17:37 | Research | Horse Collar |
| 17:38 | Research | Double-Bit Axe |
| 17:53 | Build | Watch Tower |
| 18:09 | Research | Forging |
| 18:10 | Research | Scale Mail Armor |
| 18:34 | Create | Villager (Male) |
| 18:40 | Research | Tech 1402 |
| 18:41 | Create | Villager (Male) |
| 19:00 | Create | Villager (Male) |
| 19:08 | Build | Dock |
| 19:10 | Create | Villager (Male) |
| 19:41 | Build | Farm |
| 19:43 | Build | Farm |
| 19:45 | Build | Farm |
| 19:46 | Build | Farm |
| 19:48 | Build | Farm |
| 19:53 | Create | Villager (Male) |
| 20:01 | Research | Fletching |
| 20:07 | Create | Villager (Male) |
| 20:12 | Build | Farm |
| 20:13 | Build | Farm |
| 20:17 | Build | Farm |
| 20:18 | Build | Farm |
| 20:41 | Build | Farm |
| 20:42 | Build | Farm |
| 21:08 | Create | Villager (Male) |
| 21:25 | Build | Farm |
| 21:26 | Build | Farm |
| 21:38 | Create | Villager (Male) |
| 21:42 | Create | Villager (Male) |
| 21:43 | Create | Villager (Male) |
| 21:48 | Create | Villager (Male) |
| 21:51 | Build | Farm |
| 22:35 | Build | House |
| 22:56 | Build | Market |
| 23:00 | Create | Villager (Male) |
| 23:07 | Build | Farm |
| 23:27 | Build | House |
| 23:28 | Create | Villager (Male) |
| 23:39 | Create | Villager (Male) |
| 23:39 | Create | Villager (Male) |
| 23:51 | Build | Archery Range |
| 24:07 | Create | Unit 2550 |
| 24:07 | Create | Unit 2550 |
| 24:13 | Create | Spearman |
| 24:13 | Create | Villager (Male) |
| 24:25 | Build | Settlement |
| 24:31 | Create | Villager (Male) |
| 24:34 | Create | Villager (Male) |
| 24:48 | Create | Villager (Male) |
| 24:56 | Create | Villager (Male) |
| 25:12 | Create | Villager (Male) |
| 25:29 | Create | Villager (Male) |
| 25:55 | Build | Watch Tower |
| 26:00 | Research | Castle Age |
| 26:15 | Create | Archer |
| 26:15 | Create | Archer |
| 26:15 | Create | Archer |
| 26:21 | Create | Spearman |
| 26:22 | Create | Spearman |
| 26:22 | Create | Spearman |
| 26:22 | Create | Spearman |
| 26:22 | Create | Spearman |
| 26:43 | Create | Archer |
| 26:43 | Create | Archer |
| 26:43 | Create | Archer |
| 27:19 | Create | Villager (Male) |
| 27:36 | Create | Unit 2626 |
| 27:36 | Create | Unit 2626 |
| 27:38 | Create | Villager (Male) |
| 28:15 | Create | Archer |
| 28:15 | Create | Archer |
| 28:16 | Create | Archer |
| 28:18 | Research | Padded Archer Armor |
| 28:26 | Create | Villager (Male) |
| 28:42 | Age | Castle Age |
| 28:46 | Research | Thumb Ring |
| 28:47 | Research | Crossbowman (upgrade) |
| 28:48 | Create | Villager (Male) |
| 28:57 | Create | Villager (Male) |
| 29:03 | Create | Villager (Male) |
| 29:08 | Research | Heavy Plow |
| 29:10 | Research | Bow Saw |
| 29:14 | Create | Archer |
Build order — AuronFFX01
First 150 of 297 actions detected
| 1:01 | Build | Town Center |
| 3:37 | Build | House |
| 4:04 | Build | House |
| 4:06 | Create | Villager (Male) |
| 4:06 | Create | Villager (Male) |
| 4:06 | Create | Villager (Male) |
| 4:25 | Create | Villager (Male) |
| 4:41 | Research | Loom |
| 4:41 | Create | Villager (Male) |
| 4:42 | Create | Villager (Male) |
| 5:30 | Create | Villager (Male) |
| 5:43 | Create | Villager (Male) |
| 7:46 | Build | Dock |
| 7:53 | Create | Villager (Male) |
| 7:53 | Create | Villager (Male) |
| 8:02 | Create | Villager (Male) |
| 8:21 | Create | Villager (Male) |
| 8:49 | Create | Villager (Male) |
| 8:49 | Create | Villager (Male) |
| 8:58 | Create | Fishing Ship |
| 9:32 | Create | Villager (Male) |
| 10:04 | Build | House |
| 10:09 | Create | Fishing Ship |
| 10:29 | Create | Villager (Male) |
| 10:43 | Create | Villager (Male) |
| 11:01 | Build | House |
| 11:26 | Build | Palisade Wall |
| 11:34 | Build | Palisade Gate |
| 11:39 | Create | Villager (Male) |
| 11:39 | Create | Villager (Male) |
| 11:40 | Create | Villager (Male) |
| 12:01 | Build | House |
| 12:17 | Create | Villager (Male) |
| 12:21 | Create | Fishing Ship |
| 12:46 | Create | Villager (Male) |
| 12:47 | Create | Villager (Male) |
| 13:07 | Create | Fishing Ship |
| 13:46 | Build | Lumber Camp |
| 13:56 | Build | Mill |
| 14:09 | Create | Fishing Ship |
| 14:44 | Create | Fishing Ship |
| 14:48 | Create | Villager (Male) |
| 15:09 | Research | Feudal Age |
| 15:24 | Build | Barracks |
| 15:32 | Create | Villager (Male) |
| 15:47 | Create | Fishing Ship |
| 15:47 | Create | Fishing Ship |
| 16:00 | Build | House |
| 16:03 | Build | House |
| 17:29 | Build | Outpost |
| 17:35 | Build | Stable |
| 17:51 | Create | Villager (Male) |
| 17:51 | Create | Villager (Male) |
| 17:51 | Create | Villager (Male) |
| 17:51 | Create | Villager (Male) |
| 17:57 | Create | Fishing Ship |
| 17:57 | Create | Fishing Ship |
| 18:01 | Research | Double-Bit Axe |
| 18:32 | Build | Mining Camp |
| 18:34 | Create | Scout Cavalry |
| 18:34 | Create | Scout Cavalry |
| 18:34 | Create | Scout Cavalry |
| 18:34 | Create | Scout Cavalry |
| 19:16 | Create | Villager (Male) |
| 19:20 | Research | Gold Mining |
| 19:25 | Build | House |
| 19:26 | Build | House |
| 20:32 | Create | Villager (Male) |
| 20:32 | Create | Villager (Male) |
| 20:44 | Build | Lumber Camp |
| 20:59 | Build | Farm |
| 21:01 | Build | Farm |
| 21:05 | Build | Farm |
| 21:10 | Build | Farm |
| 21:13 | Build | Farm |
| 21:20 | Create | Spearman |
| 21:20 | Create | Spearman |
| 21:47 | Build | Farm |
| 21:48 | Build | Farm |
| 22:47 | Create | Scout Cavalry |
| 22:47 | Create | Scout Cavalry |
| 22:57 | Create | Villager (Male) |
| 22:57 | Create | Villager (Male) |
| 22:57 | Create | Villager (Male) |
| 22:58 | Create | Villager (Male) |
| 23:23 | Create | Scout Cavalry |
| 23:44 | Create | Villager (Male) |
| 23:44 | Create | Villager (Male) |
| 23:44 | Create | Villager (Male) |
| 23:44 | Create | Villager (Male) |
| 24:06 | Create | Villager (Male) |
| 24:06 | Create | Villager (Male) |
| 24:06 | Create | Villager (Male) |
| 24:06 | Create | Villager (Male) |
| 24:10 | Build | Farm |
| 24:12 | Build | Farm |
| 24:13 | Build | Farm |
| 24:14 | Build | Farm |
| 24:15 | Build | Farm |
| 24:16 | Build | Farm |
| 24:17 | Build | Farm |
| 24:19 | Build | Farm |
| 24:19 | Build | Farm |
| 24:22 | Build | Farm |
| 25:08 | Create | Villager (Male) |
| 25:08 | Create | Villager (Male) |
| 25:09 | Create | Villager (Male) |
| 25:09 | Create | Villager (Male) |
| 25:09 | Create | Villager (Male) |
| 25:09 | Create | Villager (Male) |
| 25:24 | Create | Fire Galley |
| 25:24 | Create | Fire Galley |
| 25:41 | Build | Farm |
| 25:42 | Build | Farm |
| 25:42 | Build | Farm |
| 25:43 | Build | Farm |
| 27:12 | Build | Archery Range |
| 27:16 | Create | Villager (Male) |
| 27:19 | Research | Wheelbarrow |
| 27:32 | Build | Watch Tower |
| 27:45 | Create | Scout Cavalry |
| 27:45 | Create | Scout Cavalry |
| 28:47 | Build | Mining Camp |
| 28:51 | Research | Castle Age |
| 28:52 | Create | Villager (Male) |
| 28:52 | Create | Villager (Male) |
| 28:53 | Create | Villager (Male) |
| 28:53 | Create | Villager (Male) |
| 28:53 | Create | Villager (Male) |
| 29:06 | Research | Stone Mining |
| 30:07 | Create | Skirmisher |
| 30:07 | Create | Skirmisher |
| 30:07 | Create | Skirmisher |
| 30:08 | Create | Skirmisher |
| 30:08 | Create | Skirmisher |
| 30:13 | Build | Archery Range |
| 30:14 | Build | Archery Range |
| 30:42 | Build | Archery Range |
| 32:10 | Build | Castle |
| 32:25 | Create | Knight |
| 32:25 | Create | Knight |
| 32:26 | Create | Knight |
| 33:18 | Build | Town Center |
| 33:34 | Build | Blacksmith |
| 34:12 | Create | Throwing Axeman |
| 34:12 | Create | Throwing Axeman |
| 34:12 | Create | Throwing Axeman |
| 34:13 | Create | Throwing Axeman |
| 34:13 | Create | Throwing Axeman |
| 34:34 | Build | Lumber Camp |
Build order — Ratbass
First 150 of 491 actions detected
| 0:46 | Build | Town Center |
| 1:10 | Build | Dock |
| 1:31 | Build | Dock |
| 1:36 | Build | House |
| 1:37 | Build | House |
| 3:08 | Create | Villager (Male) |
| 3:08 | Create | Villager (Male) |
| 3:09 | Create | Villager (Male) |
| 3:09 | Create | Villager (Male) |
| 4:44 | Create | Villager (Male) |
| 5:09 | Research | Loom |
| 5:10 | Create | Villager (Male) |
| 5:59 | Create | Villager (Male) |
| 5:59 | Create | Villager (Male) |
| 6:00 | Create | Villager (Male) |
| 6:23 | Create | Villager (Male) |
| 6:51 | Create | Villager (Male) |
| 7:23 | Build | House |
| 7:45 | Create | Villager (Male) |
| 7:45 | Create | Villager (Male) |
| 7:46 | Create | Villager (Male) |
| 7:46 | Create | Villager (Male) |
| 8:14 | Create | Villager (Male) |
| 9:21 | Build | House |
| 9:38 | Create | Villager (Male) |
| 9:39 | Create | Villager (Male) |
| 9:41 | Create | Fishing Ship |
| 9:41 | Create | Fishing Ship |
| 10:27 | Create | Villager (Male) |
| 10:57 | Build | Mill |
| 11:32 | Research | Feudal Age |
| 11:59 | Build | Mining Camp |
| 12:08 | Create | Fishing Ship |
| 12:19 | Build | Palisade Wall |
| 12:34 | Build | House |
| 12:39 | Build | House |
| 13:16 | Create | Villager (Male) |
| 13:32 | Create | Fishing Ship |
| 13:42 | Age | Feudal Age |
| 13:48 | Build | Watch Tower |
| 14:01 | Build | Palisade Wall |
| 14:02 | Build | Palisade Wall |
| 14:02 | Build | Palisade Wall |
| 14:07 | Create | Villager (Male) |
| 14:36 | Build | Barracks |
| 14:53 | Build | Lumber Camp |
| 14:56 | Create | Villager (Male) |
| 15:01 | Build | House |
| 15:50 | Create | Villager (Male) |
| 15:58 | Build | Market |
| 16:01 | Build | Palisade Wall |
| 16:03 | Build | Palisade Wall |
| 16:06 | Create | Villager (Male) |
| 16:17 | Create | Fire Galley |
| 16:18 | Create | Fire Galley |
| 16:39 | Create | Spearman |
| 16:41 | Create | Spearman |
| 17:04 | Build | Watch Tower |
| 17:07 | Create | Spearman |
| 17:11 | Create | Villager (Male) |
| 17:24 | Build | Palisade Gate |
| 17:29 | Build | Palisade Wall |
| 18:19 | Build | Watch Tower |
| 18:22 | Build | Palisade Wall |
| 18:23 | Build | Palisade Wall |
| 18:24 | Build | Palisade Wall |
| 18:24 | Build | Palisade Wall |
| 18:25 | Build | Palisade Wall |
| 18:25 | Build | Palisade Wall |
| 18:33 | Create | Militia |
| 18:33 | Create | Militia |
| 18:41 | Build | Palisade Wall |
| 18:42 | Build | Palisade Wall |
| 18:44 | Build | Palisade Wall |
| 18:45 | Build | Palisade Wall |
| 18:46 | Build | Palisade Wall |
| 18:46 | Build | Palisade Wall |
| 18:54 | Build | Watch Tower |
| 19:00 | Build | Palisade Wall |
| 19:04 | Build | Palisade Gate |
| 19:18 | Create | Villager (Male) |
| 19:22 | Create | Villager (Male) |
| 19:36 | Create | Villager (Male) |
| 19:39 | Research | Wheelbarrow |
| 19:44 | Research | Double-Bit Axe |
| 19:48 | Build | Farm |
| 19:48 | Build | Farm |
| 19:48 | Build | Farm |
| 19:48 | Build | Farm |
| 20:08 | Create | Militia |
| 20:09 | Create | Militia |
| 20:14 | Create | Militia |
| 20:17 | Build | House |
| 21:19 | Build | Stable |
| 21:26 | Create | Villager (Male) |
| 21:29 | Create | Villager (Male) |
| 21:40 | Research | Man-at-Arms (upgrade) |
| 22:02 | Build | House |
| 22:02 | Build | House |
| 22:03 | Create | Scout Cavalry |
| 22:04 | Create | Scout Cavalry |
| 22:27 | Build | Blacksmith |
| 22:49 | Create | Spearman |
| 22:49 | Create | Spearman |
| 23:08 | Create | Militia |
| 23:09 | Create | Militia |
| 23:25 | Research | Forging |
| 23:42 | Build | Watch Tower |
| 23:48 | Build | Barracks |
| 24:25 | Build | Lumber Camp |
| 25:03 | Create | Villager (Male) |
| 25:04 | Research | Castle Age |
| 25:07 | Create | Villager (Male) |
| 25:08 | Create | Villager (Male) |
| 25:14 | Research | Stone Mining |
| 25:15 | Research | Gold Mining |
| 25:23 | Build | Dock |
| 25:43 | Build | Stable |
| 25:55 | Create | Militia |
| 25:55 | Create | Militia |
| 25:57 | Research | Scale Mail Armor |
| 26:14 | Create | Spearman |
| 26:42 | Create | Militia |
| 26:59 | Create | Villager (Male) |
| 27:00 | Create | Villager (Male) |
| 27:03 | Build | Farm |
| 27:03 | Build | Farm |
| 27:03 | Build | Farm |
| 27:04 | Build | Farm |
| 27:04 | Build | Farm |
| 27:23 | Build | Palisade Wall |
| 27:35 | Build | Palisade Gate |
| 27:37 | Create | Villager (Male) |
| 27:37 | Create | Villager (Male) |
| 27:46 | Build | Barracks |
| 27:49 | Create | Militia ×2 |
| 27:49 | Create | Militia ×2 |
| 27:53 | Build | Palisade Wall |
| 27:55 | Build | Palisade Wall |
| 27:57 | Build | Palisade Wall |
| 28:08 | Build | Farm |
| 28:08 | Age | Castle Age |
| 28:11 | Create | Fishing Ship |
| 28:12 | Create | Fishing Ship |
| 28:12 | Create | Fishing Ship |
| 28:24 | Build | Town Center |
| 29:02 | Build | Town Center |
| 29:14 | Research | Long Swordsman (upgrade) |
| 29:14 | Create | Militia ×3 |
| 29:14 | Create | Militia ×3 |
Build order — darkvaldo
First 150 of 205 actions detected
| 0:33 | Build | Town Center |
| 1:46 | Build | House |
| 4:07 | Create | Villager (Male) |
| 4:08 | Create | Villager (Male) |
| 4:08 | Create | Villager (Male) |
| 5:23 | Create | Villager (Male) |
| 5:24 | Create | Villager (Male) |
| 5:24 | Create | Villager (Male) |
| 6:25 | Build | Dock |
| 6:32 | Create | Villager (Male) |
| 6:32 | Create | Villager (Male) |
| 6:33 | Create | Villager (Male) |
| 6:33 | Create | Villager (Male) |
| 7:15 | Create | Fishing Ship |
| 8:14 | Create | Villager (Male) |
| 8:14 | Create | Villager (Male) |
| 8:15 | Create | Villager (Male) |
| 8:35 | Build | Mill |
| 9:18 | Build | House |
| 9:36 | Create | Villager (Male) |
| 9:36 | Create | Villager (Male) |
| 9:37 | Create | Villager (Male) |
| 9:37 | Create | Villager (Male) |
| 10:03 | Build | Barracks |
| 10:46 | Create | Villager (Male) |
| 10:46 | Create | Villager (Male) |
| 10:46 | Create | Villager (Male) |
| 10:49 | Create | Fishing Ship |
| 11:25 | Build | Palisade Gate |
| 11:33 | Create | Fishing Ship |
| 11:53 | Build | House |
| 12:49 | Build | Palisade Gate |
| 12:54 | Build | House |
| 12:55 | Build | House |
| 13:04 | Research | Feudal Age |
| 13:11 | Create | Fishing Ship |
| 13:12 | Create | Fishing Ship |
| 13:12 | Create | Fishing Ship |
| 13:20 | Build | House |
| 14:09 | Build | House |
| 14:19 | Build | Palisade Wall |
| 14:58 | Build | Mill |
| 15:21 | Build | Mining Camp |
| 15:23 | Create | Villager (Male) |
| 15:23 | Create | Villager (Male) |
| 15:24 | Create | Villager (Male) |
| 15:24 | Create | Villager (Male) |
| 15:24 | Create | Villager (Male) |
| 15:34 | Build | Lumber Camp |
| 15:41 | Research | Tech 906 |
| 16:21 | Research | Arson |
| 16:36 | Research | Loom |
| 16:56 | Build | Watch Tower |
| 17:31 | Build | Market |
| 17:35 | Research | Horse Collar |
| 17:39 | Build | Farm |
| 17:39 | Build | Farm |
| 17:40 | Build | Farm |
| 17:40 | Build | Farm |
| 17:42 | Build | Farm |
| 18:31 | Research | Man-at-Arms (upgrade) |
| 18:32 | Create | Militia |
| 18:33 | Create | Militia |
| 18:33 | Create | Militia |
| 18:33 | Create | Militia |
| 18:33 | Create | Militia |
| 20:28 | Build | Farm |
| 20:36 | Build | Blacksmith |
| 21:09 | Create | Militia |
| 21:10 | Create | Militia |
| 21:10 | Create | Militia |
| 22:23 | Research | Forging |
| 22:24 | Research | Scale Mail Armor |
| 22:31 | Build | Mining Camp |
| 22:54 | Create | Villager (Male) |
| 22:55 | Create | Villager (Male) |
| 22:55 | Create | Villager (Male) |
| 22:55 | Create | Villager (Male) |
| 22:55 | Create | Villager (Male) |
| 23:06 | Create | Villager (Male) |
| 23:06 | Create | Villager (Male) |
| 23:06 | Create | Villager (Male) |
| 23:37 | Create | Militia |
| 23:38 | Create | Militia |
| 23:38 | Create | Militia |
| 23:38 | Create | Militia |
| 23:38 | Create | Militia |
| 23:38 | Create | Militia |
| 24:37 | Create | Militia |
| 24:37 | Create | Militia |
| 24:37 | Create | Militia |
| 25:23 | Create | Villager (Male) |
| 25:34 | Build | Archery Range |
| 26:47 | Create | Militia |
| 26:47 | Create | Militia |
| 26:47 | Create | Militia |
| 26:48 | Create | Militia |
| 27:14 | Build | Mill |
| 27:17 | Create | Skirmisher |
| 27:17 | Create | Skirmisher |
| 27:17 | Create | Skirmisher |
| 28:33 | Create | Militia |
| 28:33 | Create | Militia |
| 29:06 | Create | Archer |
| 29:06 | Create | Archer |
| 29:06 | Create | Archer |
| 29:07 | Create | Archer |
| 29:12 | Create | Villager (Male) |
| 29:15 | Build | House |
| 29:18 | Build | House |
| 29:19 | Build | House |
| 30:19 | Research | Castle Age |
| 31:18 | Build | Farm |
| 31:21 | Create | Demolition Raft |
| 31:21 | Create | Demolition Raft |
| 31:21 | Create | Demolition Raft |
| 31:21 | Create | Demolition Raft |
| 31:22 | Create | Demolition Raft |
| 31:38 | Create | Demolition Raft |
| 31:39 | Create | Demolition Raft |
| 31:39 | Create | Demolition Raft |
| 31:39 | Create | Demolition Raft |
| 31:40 | Create | Demolition Raft |
| 33:31 | Build | Siege Workshop |
| 33:46 | Build | Castle |
| 35:32 | Build | Town Center |
| 36:08 | Create | Petard |
| 36:08 | Create | Petard |
| 36:08 | Create | Petard |
| 36:09 | Create | Petard |
| 36:15 | Create | Petard |
| 36:16 | Create | Petard |
| 36:17 | Create | Petard |
| 36:43 | Create | Iron Pagoda |
| 36:44 | Create | Iron Pagoda |
| 36:44 | Create | Iron Pagoda |
| 36:44 | Create | Iron Pagoda |
| 39:08 | Create | Petard |
| 39:41 | Create | Villager (Male) |
| 39:43 | Create | Villager (Male) |
| 39:43 | Create | Villager (Male) |
| 39:44 | Create | Villager (Male) |
| 39:44 | Create | Villager (Male) |
| 39:44 | Create | Villager (Male) |
| 39:44 | Create | Villager (Male) |
| 39:51 | Create | Villager (Male) |
| 39:51 | Create | Villager (Male) |
| 39:51 | Create | Villager (Male) |
| 39:52 | Create | Villager (Male) |
| 39:52 | Create | Villager (Male) |
Match timeline
| 1:10 | Ratbass · first_building Dock |
| 2:12 | Lorde Stephen · first_building Dock |
| 3:51 | FatalDeadAG24 · first_building Dock |
| 6:25 | darkvaldo · first_building Dock |
| 6:38 | Kurt_Ruslin · first_building Dock |
| 7:46 | AuronFFX01 · first_building Dock |
| 10:03 | darkvaldo · first_building Barracks |
| 11:26 | AuronFFX01 · wall_segment Palisade Wall x7 |
| 12:19 | Ratbass · wall_segment Palisade Wall x14 |
| 12:32 | Lorde Stephen · first_building Barracks |
| 12:42 | Kurt_Ruslin · first_building Barracks |
| 13:42 | Ratbass · age_up feudal |
| 14:01 | Ratbass · wall_segment Palisade Wall x2 |
| 14:02 | Ratbass · wall_segment Palisade Wall x3 |
| 14:02 | Ratbass · wall_segment Palisade Wall x2 |
| 14:19 | darkvaldo · wall_segment Palisade Wall x2 |
| 14:20 | FatalDeadAG24 · wall_segment Palisade Wall x16 |
| 14:21 | Kurt_Ruslin · age_up feudal |
| 14:22 | FatalDeadAG24 · age_up feudal |
| 14:36 | Ratbass · first_building Barracks |
| 14:38 | FatalDeadAG24 · first_building Barracks |
| 14:51 | Kurt_Ruslin · first_building Archery Range |
| 15:24 | AuronFFX01 · first_building Barracks |
| 15:27 | Lorde Stephen · age_up feudal |
| 16:01 | Ratbass · wall_segment Palisade Wall x4 |
| 16:03 | Ratbass · wall_segment Palisade Wall x11 |
| 17:14 | Lorde Stephen · wall_segment Stone Wall x11 |
| 17:16 | Lorde Stephen · wall_segment Stone Wall x1 |
| 17:29 | Ratbass · wall_segment Palisade Wall x4 |
| 17:35 | AuronFFX01 · first_building Stable |
| 17:53 | FatalDeadAG24 · wall_segment Palisade Wall x7 |
| 18:22 | Ratbass · wall_segment Palisade Wall x3 |
| 18:23 | Ratbass · wall_segment Palisade Wall x4 |
| 18:24 | Ratbass · wall_segment Palisade Wall x1 |
| 18:24 | Ratbass · wall_segment Palisade Wall x1 |
| 18:25 | Ratbass · wall_segment Palisade Wall x1 |
| 18:25 | Ratbass · wall_segment Palisade Wall x1 |
| 18:38 | Kurt_Ruslin · wall_segment Palisade Wall x14 |
| 18:41 | Ratbass · wall_segment Palisade Wall x4 |
| 18:42 | Ratbass · wall_segment Palisade Wall x1 |
| 18:44 | Ratbass · wall_segment Palisade Wall x3 |
| 18:45 | Ratbass · wall_segment Palisade Wall x3 |
| 18:46 | Ratbass · wall_segment Palisade Wall x1 |
| 18:46 | Ratbass · wall_segment Palisade Wall x1 |
| 19:00 | Ratbass · wall_segment Palisade Wall x17 |
| 20:11 | FatalDeadAG24 · wall_segment Stone Wall x8 |
| 20:38 | FatalDeadAG24 · first_building Archery Range |
| 20:56 | Ratbass · first_market_sell 100 stone |
| 21:18 | FatalDeadAG24 · age_up castle |
| 21:19 | Ratbass · first_building Stable |
| 22:59 | FatalDeadAG24 · first_market_sell 100 food |
| 23:35 | FatalDeadAG24 · first_building Siege Workshop |
| 23:51 | Lorde Stephen · first_building Archery Range |
| 24:41 | FatalDeadAG24 · first_market_buy 100 food |
| 25:33 | Kurt_Ruslin · age_up castle |
| 25:34 | darkvaldo · first_building Archery Range |
| 25:57 | Kurt_Ruslin · first_building Siege Workshop |
| 26:29 | FatalDeadAG24 · wall_segment Stone Wall x10 |
| 27:12 | AuronFFX01 · first_building Archery Range |
| 27:23 | Ratbass · wall_segment Palisade Wall x29 |
| 27:53 | Ratbass · wall_segment Palisade Wall x1 |
| 27:55 | Ratbass · wall_segment Palisade Wall x1 |
| 27:57 | Ratbass · wall_segment Palisade Wall x1 |
| 28:08 | Ratbass · age_up castle |
| 28:30 | Kurt_Ruslin · first_building Castle |
| 28:42 | Lorde Stephen · age_up castle |
| 28:56 | Ratbass · first_market_buy 100 wood |
| 30:05 | darkvaldo · first_market_sell 100 wood |
| 30:09 | darkvaldo · first_market_buy 100 food |
| 30:44 | Kurt_Ruslin · first_market_sell 100 stone |
| 30:47 | Kurt_Ruslin · first_market_buy 100 wood |
| 30:54 | Ratbass · first_building Siege Workshop |
| 32:10 | AuronFFX01 · first_building Castle |
| 32:29 | Lorde Stephen · first_market_buy 100 stone |
| 33:09 | FatalDeadAG24 · first_building Castle |
| 33:31 | darkvaldo · first_building Siege Workshop |
| 33:42 | Ratbass · first_building Castle |
| 33:46 | darkvaldo · first_building Castle |
| 35:24 | Kurt_Ruslin · first_building Stable |
| 35:47 | Kurt_Ruslin · first_building Monastery |
| 36:14 | Lorde Stephen · first_building Siege Workshop |
| 37:22 | Ratbass · first_building Monastery |
| 38:42 | Ratbass · wall_segment Palisade Wall x18 |
| 39:54 | Ratbass · tribute_sent a jugador 1 |
| 39:54 | Ratbass · tribute_sent a jugador 2 |
| 39:54 | Ratbass · tribute_sent a jugador 3 |
| 39:54 | Ratbass · tribute_sent a jugador 5 |
| 39:54 | Ratbass · tribute_sent a jugador 6 |
| 41:20 | Lorde Stephen · first_building Castle |
| 45:29 | darkvaldo · first_building Stable |
| 46:34 | Lorde Stephen · age_up imperial |
| 48:51 | Kurt_Ruslin · age_up imperial |
| 51:49 | Kurt_Ruslin · wall_segment Stone Wall x17 |
| 52:32 | Ratbass · age_up imperial |
| 59:13 | AuronFFX01 · resign |
[ AI ANALYSIS · 1 CREDIT ]
What really happened in this match?
Wolo.gg analyzes every decision: build order, eco, micro, common mistakes by bracket. Personalized analysis on WhatsApp or Discord in 30 seconds.
Civ guide
Vietnamese
Map guide
Nomad
Perfil
Kurt_Ruslin